[Event "Team 45 45 League T52"]
[Site "Internet Chess Club"]
[Date "2012.03.11"]
[Round "4"]
[White "Cillu"]
[Black "Zumbi"]
[Result "0-1"]
[WhiteElo "2014"]
[BlackElo "2151"]
[Opening "Benkö gambit"]
[ECO "A57"]
[Time "15:38:26"]
[TimeControl "2700+45"]

1. d4 Nf6 2. c4 c5 3. d5 b5 4. Nf3 Bb7 5. a4 Qa5+ 6. Bd2 b4 7. Qc2 d6 8. e4 Nbd7
9. Bd3 h6 10. b3 g5 11. Bc1 Rg8 12. Bb2 Nh5 13. Nbd2 Nf4 14. Bf1 O-O-O 15. g3
Ng6 16. Bh3 Kb8 17. O-O-O Bg7 18. Bxg7 Rxg7 19. Rde1 Bc8 20. Re2 Qc7 21. Rhe1
Rgg8 22. Bf5 Nde5 23. Bxc8 Qxc8 24. Nxe5 Nxe5 25. f4 gxf4 26. gxf4 Ng6 27. Rf2
Qg4 28. Ref1 e6 29. Qd3 e5 30. fxe5 Nxe5 31. Qe3 Qg5 32. Qxg5 hxg5 33. Kc2 g4
34. Rg1 Rh8 35. Nf1 Rh3 36. Rg3 Rdh8 37. Rxh3 Rxh3 38. Nd2 Rc3+ 39. Kd1 Kc7 40.
Ke2 Kd7 41. Rf1 Ke7 42. Rg1 Rc2 43. Kd1 Rxd2+ {White resigns} 0-1

[Event "Team 45 45 League T52"]
[Site "Internet Chess Club"]
[Date "2012.03.10"]
[Round "4"]
[White "grabuark"]
[Black "chess9793"]
[Result "1-0"]
[WhiteElo "2179"]
[BlackElo "2156"]
[Opening "Sicilian: Alapin's variation (2.c3)"]
[ECO "B22"]
[Time "19:05:49"]
[TimeControl "2700+45"]

1. e4 c5 2. c3 Nf6 3. e5 Nd5 4. d4 cxd4 5. Nf3 Nc6 6. Bc4 e6 7. cxd4 d6 8. O-O
Be7 9. a3 O-O 10. Re1 Qb6 11. exd6 Bxd6 12. Qd3 h6 13. Nc3 Nxc3 14. bxc3 Rd8 15.
Qe4 Ne7 16. Bd3 Ng6 17. h4 Qa5 18. Bd2 Qh5 19. g4 Qd5 20. c4 Qxe4 21. Bxe4 Ne7
22. Ba5 Rd7 23. Bb4 Rb8 24. Ne5 Bxe5 25. dxe5 Nc6 26. Bd6 Ra8 27. Rab1 Rd8 28.
f4 a5 29. Red1 f6 30. h5 Ra7 31. Bc5 Rxd1+ 32. Rxd1 Ra8 33. Kg2 Ra6 34. g5 fxe5
35. Bxc6 Rxc6 36. Rd8+ {Black resigns} 1-0

[Event "Team 45 45 League T52"]
[Site "Internet Chess Club"]
[Date "2012.03.12"]
[Round "4"]
[White "BlackHorse"]
[Black "NFork"]
[Result "1/2-1/2"]
[WhiteElo "2099"]
[BlackElo "2196"]
[Opening "Alekhine's defense: Sämisch attack"]
[ECO "B02"]
[Time "17:44:52"]
[TimeControl "2700+45"]

1. e4 Nf6 2. e5 Nd5 3. Nc3 Nxc3 4. bxc3 c5 5. f4 Qa5 6. Nf3 d6 7. Bc4 e6 8. Qe2
d5 9. Bb5+ Ke7 10. f5 a6 11. f6+ Kd8 12. Ng5 Qc7 13. fxg7 Bxg7 14. Qh5 axb5 15.
Nxf7+ Kd7 16. Nxh8 Qxe5+ 17. Qxe5 Bxe5 18. Nf7 Bf6 19. O-O Ke7 20. Nh6 Nd7 {Game
drawn by mutual agreement} 1/2-1/2

[Event "Team 45 45 League T52"]
[Site "Internet Chess Club"]
[Date "2012.03.10"]
[Round "4"]
[White "pentti63"]
[Black "Fezzik"]
[Result "1/2-1/2"]
[WhiteElo "2210"]
[BlackElo "2146"]
[Opening "Grünfeld: Smyslov defense"]
[ECO "D11"]
[Time "12:01:27"]
[TimeControl "2700+45"]

1. d4 d5 2. c4 c6 3. Nf3 Nf6 4. e3 g6 5. Bd3 Bg7 6. O-O O-O 7. Nc3 Bg4 8. h3
Bxf3 9. Qxf3 e6 10. b3 Nbd7 11. Bb2 Re8 12. Rfd1 Qe7 13. Qe2 Rad8 14. e4 dxe4
15. Nxe4 Nxe4 16. Bxe4 f5 17. Bc2 e5 18. dxe5 Bxe5 19. Bxe5 Qxe5 20. Qxe5 Nxe5
21. f4 Nf7 22. Kf2 Nd6 23. Kf3 Kf7 24. g4 Kf6 25. g5+ Kf7 26. h4 Nc8 27. h5 Rxd1
28. Rxd1 c5 29. a3 a5 30. Rd5 b6 {Game drawn by mutual agreement} 1/2-1/2

[Event "Team 45 45 League T52"]
[Site "Internet Chess Club"]
[Date "2012.03.12"]
[Round "4"]
[White "DARKwizard1"]
[Black "Pacini"]
[Result "0-1"]
[WhiteElo "2060"]
[BlackElo "2127"]
[Opening "Sicilian: closed"]
[ECO "B23"]
[Time "10:16:37"]
[TimeControl "2700+45"]

1. e4 c5 2. Nc3 g6 3. f4 Bg7 4. Nf3 Nc6 5. Bb5 Nd4 6. O-O Nxb5 7. Nxb5 a6 8. Nc3
b5 9. d4 cxd4 10. Nxd4 Bb7 11. Re1 d6 12. Nf3 Nf6 13. Qd3 O-O 14. a3 Rc8 15. Be3
Ng4 16. Rad1 Nxe3 17. Qxe3 Bxc3 18. bxc3 Qa5 19. Rd3 Qxa3 20. c4 Qc5 21. cxb5
axb5 22. Rb3 Qxe3+ 23. Rexe3 Rxc2 24. Rxb5 Ba8 25. Ra5 Rfc8 26. Ra7 Kf8 27. h3
Rb2 28. Kh2 Bb7 29. Kg3 Rcc2 30. Ne1 Rc4 31. e5 dxe5 32. Rxe5 Rb3+ 33. Nf3 Rcc3
{White resigns} 0-1

[Event "Team 45 45 League T52"]
[Site "Internet Chess Club"]
[Date "2012.03.09"]
[Round "4"]
[White "DreamCatcher13"]
[Black "ben622"]
[Result "1-0"]
[WhiteElo "1843"]
[BlackElo "2019"]
[Opening "Alekhine's defense: modern, Larsen variation"]
[ECO "B04"]
[Time "17:00:54"]
[TimeControl "2700+45"]

1. e4 Nf6 2. e5 Nd5 3. d4 d6 4. Nf3 dxe5 5. Nxe5 c6 6. g3 Bf5 7. Bg2 Nb4 8. Na3
Nd7 9. Nec4 Nf6 10. Ne3 Be4 11. Bxe4 Nxe4 12. c3 Nd5 13. O-O e6 14. Nac4 Be7 15.
Qg4 Ng5 16. Nxd5 h5 17. Qe2 Qxd5 18. Bxg5 Bxg5 19. Qe5 Qxc4 20. Qxg7 O-O-O 21.
Qxg5 h4 22. Qc5 Qe2 23. Rae1 Qg4 24. Qxa7 hxg3 25. fxg3 Rh3 26. Qa8+ Kc7 27.
Rxf7+ Rd7 28. Qa5+ Kb8 29. Rf8+ {Black resigns} 1-0

[Event "Team 45 45 League T52"]
[Site "Internet Chess Club"]
[Date "2012.03.11"]
[Round "4"]
[White "Y-ElGhazali"]
[Black "sibirica"]
[Result "0-1"]
[WhiteElo "2182"]
[BlackElo "2403"]
[Opening "English opening"]
[ECO "A16"]
[Time "15:56:06"]
[TimeControl "2700+45"]

1. c4 Nf6 2. Nc3 g6 3. e4 d6 4. g3 Bg7 5. Bg2 O-O 6. Nge2 c5 7. O-O Nc6 8. d3
Ne8 9. Be3 Nd4 10. Qd2 Nc7 11. Bxd4 cxd4 12. Nd5 e5 13. f4 Nxd5 14. cxd5 f5 15.
Rac1 Qb6 16. fxe5 dxe5 17. Rc4 Bd7 18. a4 fxe4 19. Bxe4 Rxf1+ 20. Kxf1 Rf8+ 21.
Kg2 Qf6 22. Qe1 Bh6 23. Ng1 Be3 24. Nf3 g5 25. h3 h5 26. g4 hxg4 27. hxg4 Bxg4
28. Qg3 Qf4 29. Rc7 Qxg3+ 30. Kxg3 Bxf3 31. Bxf3 e4 32. dxe4 Bf4+ {White
resigns} 0-1

[Event "Team 45 45 League T52"]
[Site "Internet Chess Club"]
[Date "2012.03.12"]
[Round "4"]
[White "zeigmata"]
[Black "M-Abotreka"]
[Result "1-0"]
[WhiteElo "2243"]
[BlackElo "2097"]
[Opening "Caro-Kann: classical variation"]
[ECO "B18"]
[Time "14:22:39"]
[TimeControl "2700+45"]

1. e4 c6 2. d4 d5 3. Nc3 dxe4 4. Nxe4 Bf5 5. Ng3 Bg6 6. Nf3 Nd7 7. Bc4 e6 8. O-O
Ngf6 9. Qe2 Be7 10. Ne5 Nxe5 11. dxe5 Nd5 12. Ne4 O-O 13. a3 Qc7 14. f4 Rad8 15.
Bd3 b5 16. Bd2 Rfe8 17. Rad1 a5 18. c3 f5 19. exf6 gxf6 20. Bc1 Kh8 21. Kh1 Bf8
22. g3 Qb7 23. Qf3 f5 24. Nd2 Qf7 25. Be2 Bc5 26. Nb3 Bb6 27. Nd4 Rd6 28. Rfe1
Red8 29. Qg2 Bxd4 30. Rxd4 Bh5 31. Red1 c5 32. R4d3 Bxe2 33. Qxe2 Qb7 34. Kg1
Qb6 35. Qe5+ Kg8 36. Be3 Qc6 37. R3d2 a4 38. Bf2 Kf7 39. Qe2 Nf6 40. Rxd6 Rxd6
41. Rxd6 Qxd6 42. Qxb5 Ne4 43. Qe2 Qd5 44. c4 Qb7 45. Qc2 Qd7 46. Be3 Qc6 47. b3
Nf6 48. bxa4 Qf3 49. Bxc5 Ne4 50. Bd4 Kg6 51. c5 Qxa3 52. c6 Qb4 53. Bf2 Nc3 54.
c7 Qc4 55. c8=Q Qxc8 56. Bd4 Qc4 57. Bxc3 Qc5+ 58. Kf1 Qc4+ 59. Ke1 e5 60. fxe5
h5 61. Kd2 Qd5+ 62. Kc1 {Black resigns} 1-0

[Event "Team 45 45 League T52"]
[Site "Internet Chess Club"]
[Date "2012.03.10"]
[Round "4"]
[White "frontier"]
[Black "qlwqznzn"]
[Result "0-1"]
[WhiteElo "2022"]
[BlackElo "2381"]
[Opening "King's Indian: orthodox, Aronin-Taimanov variation (Yugoslav attack / Mar del Plata variation)"]
[ECO "E97"]
[Time "08:04:54"]
[TimeControl "2700+45"]

1. d4 Nf6 2. c4 g6 3. Nc3 Bg7 4. e4 d6 5. Nf3 O-O 6. Be2 e5 7. O-O Nc6 8. d5 Ne7
9. a4 a5 10. Ne1 Nd7 11. Nd3 f5 12. f3 f4 13. b3 g5 14. Ba3 Nf6 15. c5 Rf7 16.
Nb5 Ne8 17. cxd6 cxd6 18. Nb2 Bf8 19. Nc4 Ng6 20. b4 b6 21. bxa5 bxa5 22. Qe1 h5
23. Qf2 Ra6 24. Rac1 g4 25. fxg4 hxg4 26. Rc3 Rh7 27. Rfc1 Bd7 28. Nb2 Qg5 29.
g3 Nf6 30. Bd3 fxg3 31. hxg3 Qh5 32. Qg2 Bh6 33. Nd1 Bxc1 34. Bxc1 Ne8 35. Be3
Ra8 36. Bb6 Nh8 37. Ne3 Nf7 38. Nc4 Ng5 39. Nc7 Nxc7 40. Bxc7 Rf8 41. Be2 Nh3+
{White resigns} 0-1

[Event "Team 45 45 League T52"]
[Site "Internet Chess Club"]
[Date "2012.03.14"]
[Round "4"]
[White "demo05"]
[Black "AmrSobh"]
[Result "0-1"]
[WhiteElo "2033"]
[BlackElo "2189"]
[Opening "King's pawn opening"]
[ECO "B07"]
[Time "08:18:06"]
[TimeControl "2700+45"]

1. e4 d6 2. d4 d5 3. exd5 Qxd5 4. Nc3 Qa5 5. Bc4 Nf6 6. Bd2 Qb6 7. Nf3 Bf5 8.
O-O e6 9. d5 Nbd7 10. dxe6 Bxe6 11. Bxe6 fxe6 12. Ng5 e5 13. Be3 Qc6 14. Qe2 h6
15. Nf3 Bd6 16. Nb5 a6 17. Nxd6+ cxd6 18. c4 O-O 19. Rfd1 b5 20. Rac1 b4 21. Qd2
Ne4 22. Qxb4 Rab8 23. Qa3 Ndf6 24. Nd2 Nc5 25. h3 Ne6 26. Nf1 Rfd8 27. Ng3 Rd7
28. Qc3 Qa4 29. Ra1 Qb4 30. Qxb4 Rxb4 31. b3 Rb8 32. Rd3 d5 33. cxd5 Rxd5 34.
Rad1 Rbd8 35. Rxd5 Nxd5 36. Rd3 Nb4 37. Rxd8+ Nxd8 38. a3 Nc2 39. Bc1 Ne6 40.
Bb2 Nc5 41. b4 Nd3 42. Bc3 Nxa3 43. Kf1 Nc2 44. Ke2 Ncxb4 45. Ne4 Kf7 46. Ke3
Ke6 47. h4 Nf4 48. Bxb4 Nd5+ 49. Kd3 Nxb4+ 50. Kc4 a5 51. Kb5 Kd5 52. Ng3 Nd3
53. f3 Nf4 54. Nf5 Nxg2 55. h5 Ne1 56. Nxg7 Nxf3 57. Nf5 Nd4+ {White resigns}
0-1

[Event "Team 45 45 League T52"]
[Site "Internet Chess Club"]
[Date "2012.03.12"]
[Round "4"]
[White "MikeA"]
[Black "King-Ghost"]
[Result "1-0"]
[WhiteElo "2239"]
[BlackElo "2211"]
[Opening "French: exchange variation"]
[ECO "C01"]
[Time "20:00:45"]
[TimeControl "2700+45"]

1. e4 e6 2. d4 d5 3. exd5 Qxd5 4. Nc3 Bb4 5. Nf3 b6 6. Bd3 Nf6 7. O-O Bxc3 8.
bxc3 O-O 9. Re1 Nbd7 10. Bf4 Bb7 11. Bxc7 Qc6 12. Bg3 Qxc3 13. Re3 Bxf3 14. Rxf3
Qa5 15. Bd6 Rfc8 16. c4 Rc6 17. Bg3 Rac8 18. Qe2 Nf8 19. h3 Rd8 20. Be5 Ng6 21.
Rd1 Nd7 22. Bg3 Nf6 23. Kh2 Qg5 24. d5 exd5 25. Rf5 Qh6 26. cxd5 Rc5 27. d6 Rxf5
28. Bxf5 Nf8 29. Rd4 Qg5 30. Qd3 g6 31. Bh4 Qxf5 32. Qxf5 gxf5 33. Bxf6 Rd7 34.
Kg3 Ne6 35. Rd5 f4+ 36. Kf3 Kf8 37. Be7+ Kg7 38. Ke4 Kg6 39. Rd1 b5 40. Rd5 a6
41. Rd1 h6 42. Kd5 Rb7 43. Kc6 Rb8 44. d7 b4 45. d8=Q Nxd8+ 46. Rxd8 b3 47. axb3
Rxb3 48. Bc5 h5 49. h4 Rb1 50. Rd6+ Kf5 51. Rd5+ Ke6 52. Rxh5 Rc1 53. Rh6+ Ke5
54. Kb6 Kd5 55. Rh5+ Ke6 56. Kxa6 f6 57. Bd4 Rc4 58. Ba7 Ra4+ 59. Ra5 Rb4 60.
Bb6 Rb1 61. g3 Rb3 62. Bc7 f3 63. h5 Rb2 64. Bb6 Rd2 65. h6 Kf7 66. Be3 Rd3 67.
Rh5 Kg8 68. Rf5 Kf7 69. Rxf3 Kg6 70. g4 Rd1 71. Rh3 {Black resigns} 1-0

[Event "Team 45 45 League T52"]
[Site "Internet Chess Club"]
[Date "2012.03.11"]
[Round "4"]
[White "BadHabitMarco"]
[Black "StephenHawking"]
[Result "1-0"]
[WhiteElo "2190"]
[BlackElo "2079"]
[Opening "French: Winawer (Nimzovich) variation"]
[ECO "C15"]
[Time "00:34:12"]
[TimeControl "2700+45"]

1. e4 e6 2. d4 d5 3. Nc3 Bb4 4. a3 Bxc3+ 5. bxc3 dxe4 6. Qg4 Nf6 7. Qxg7 Rg8 8.
Qh6 Nbd7 9. a4 b6 10. a5 bxa5 11. Ne2 Bb7 12. Ng3 c5 13. dxc5 Qc7 14. Rb1 Rg6
15. Qh4 O-O-O 16. Be2 Qxc5 17. O-O Nb6 18. Be3 Qc7 19. Bg5 Nbd5 20. c4 h6 21.
Bd2 Ne7 22. Be3 Nf5 23. Nxf5 exf5 24. Rb2 Rdg8 25. g3 Ng4 26. Rfb1 Bc6 27. Bxg4
Rxg4 28. Qxh6 R4g6 29. Qh5 Bd7 30. Qd1 Be6 31. Bxa7 Rxg3+ 32. fxg3 Qxa7+ 33. Kg2
Kc7 34. Rb6 Qxb6 35. Rxb6 Kxb6 36. Qd6+ Kb7 37. c5 a4 38. Qb6+ Kc8 39. c6 Rg6
40. Qb7+ Kd8 41. c7+ Ke8 42. Qb8+ {Black resigns} 1-0

[Event "Team 45 45 League T52"]
[Site "Internet Chess Club"]
[Date "2012.03.11"]
[Round "4"]
[White "mcplayerus"]
[Black "Campagnolo"]
[Result "1-0"]
[WhiteElo "2154"]
[BlackElo "2051"]
[Opening "QGD Slav: 4.e3"]
[ECO "D11"]
[Time "21:02:27"]
[TimeControl "2700+45"]

1. d4 Nf6 2. Nf3 d5 3. c4 c6 4. e3 a6 5. Bd3 Bg4 6. Nbd2 e6 7. O-O Nbd7 8. b3
Bd6 9. Qc2 O-O 10. Bb2 Qb8 11. Rae1 e5 12. dxe5 Nxe5 13. Nxe5 Bxe5 14. Bxe5 Qxe5
15. h3 Bh5 16. f4 Qd6 17. c5 Qc7 18. Kh1 h6 19. g4 Bg6 20. Bxg6 fxg6 21. Qxg6
Qa5 22. Qc2 Rae8 23. b4 Qxb4 24. Rb1 Qa5 25. Rxb7 Rxe3 26. g5 Ne4 27. Nxe4 Rxe4
28. gxh6 Kh7 29. Rxg7+ Kxh6 30. Qg2 {Black resigns} 1-0

[Event "Team 45 45 League T52"]
[Site "Internet Chess Club"]
[Date "2012.03.10"]
[Round "4"]
[White "TerryMalloy"]
[Black "RedAttack"]
[Result "1/2-1/2"]
[WhiteElo "2011"]
[BlackElo "1913"]
[Opening "Petrov: Paulsen attack"]
[ECO "C42"]
[Time "16:00:06"]
[TimeControl "2700+45"]

1. e4 e5 2. Nf3 Nf6 3. Nxe5 d6 4. Nc4 Nxe4 5. d4 Bf5 6. Bd3 Nc6 7. d5 Nb4 8. Qf3
Bg6 9. Bxe4 Qe7 10. Nc3 f5 11. Qe2 fxe4 12. a3 Na6 13. O-O Nc5 14. b4 Nd7 15.
Be3 Nf6 16. Na5 b6 17. Nc6 Qd7 18. f3 Nxd5 19. Nxd5 Qxc6 20. fxe4 Be7 21. Nxe7
Kxe7 22. Bg5+ Ke8 23. e5 d5 24. e6 Be4 25. Rf7 h6 26. Bh4 g5 27. Qh5 Kd8 28.
Bxg5+ Kc8 29. Bf4 Qxe6 30. Rxc7+ Kd8 31. Qh4+ Ke8 32. Re1 Rg8 33. g3 Rg6 34. Rh7
Rc8 35. Bxh6 Rxc2 36. Rh8+ Kd7 37. Qd8+ Kc6 38. Qa8+ Kb5 39. Bf4 Qf6 40. Qe8+
Qc6 41. h4 Rg2+ 42. Kf1 Rh2 43. Rc1 Rh1+ 44. Kf2 Rxc1 45. Bxc1 Rf6+ 46. Bf4 Ka4
47. Qxc6+ Rxc6 48. Ra8 Kxa3 49. Rxa7+ Kxb4 50. h5 Rc2+ 51. Ke3 Rc3+ 52. Kd4 Rc4+
53. Ke5 Rc8 54. h6 b5 55. g4 Kc3 56. h7 Rh8 57. Rb7 b4 58. Rc7+ Kd3 59. Rb7 Kc4
60. Rc7+ Kb5 61. Rb7+ Kc5 62. Be3+ Kc4 63. Rc7+ Kd3 64. Bc1 Rxh7 65. Rxh7 Bxh7
66. Bb2 Be4 67. g5 Ke3 68. g6 {Game drawn by mutual agreement} 1/2-1/2

[Event "Team 45 45 League T52"]
[Site "Internet Chess Club"]
[Date "2012.03.13"]
[Round "4"]
[White "mers37"]
[Black "gareth"]
[Result "0-1"]
[WhiteElo "1967"]
[BlackElo "2147"]
[Opening "Réti opening"]
[ECO "A13"]
[Time "20:01:16"]
[TimeControl "2700+45"]

1. Nf3 e6 2. c4 f5 3. g3 Nf6 4. Bg2 Be7 5. b3 O-O 6. O-O c5 7. Bb2 Nc6 8. d4 d6
9. d5 exd5 10. cxd5 Nb4 11. Nc3 Bd7 12. Nd2 b5 13. e4 Nd3 14. Qc2 Nxb2 15. Qxb2
b4 16. Nd1 Nxe4 17. Nxe4 fxe4 18. Qc2 Bf6 19. Rc1 Bb5 20. Bxe4 Bxf1 21. Bxh7+
Kh8 22. Qf5 Qe7 23. Kxf1 Bg5 {White resigns} 0-1

[Event "Team 45 45 League T52"]
[Site "Internet Chess Club"]
[Date "2012.03.11"]
[Round "4"]
[White "Pomberito"]
[Black "lacibacsi"]
[Result "1-0"]
[WhiteElo "2099"]
[BlackElo "1999"]
[Opening "Caro-Kann defense"]
[ECO "B11"]
[Time "15:44:31"]
[TimeControl "2700+45"]

1. e4 c6 2. Nc3 d5 3. Qe2 dxe4 4. Nxe4 Nf6 5. Nf3 Bf5 6. d3 e6 7. Bd2 Be7 8.
O-O-O Nbd7 9. h3 Qc7 10. g4 Bg6 11. Ng3 O-O-O 12. Bg2 Nd5 13. Rhe1 Nf4 14. Qf1
Nxg2 15. Qxg2 Nf6 16. Bc3 Rhg8 17. Be5 Bd6 18. Kb1 Nd5 19. Bxd6 Qxd6 20. Ne5 Qb4
21. a3 Qa4 22. Ne4 Rge8 23. Nc4 Bxe4 24. Qxe4 Qb5 25. Ka2 Nf6 26. Qf4 Qd5 27.
Re5 Qd4 28. Qg3 Nd5 29. Rde1 Qf4 30. Qg2 Nf6 31. g5 Nd5 32. R5e4 Qc7 33. h4 b5
34. Ne5 c5 35. c4 Nb6 36. cxb5 Rd5 37. f4 Red8 38. Qc2 Kb8 {Black resigns} 1-0

[Event "Team 45 45 League T52"]
[Site "Internet Chess Club"]
[Date "2012.03.11"]
[Round "4"]
[White "JohanWassermann"]
[Black "VillaBallester"]
[Result "1/2-1/2"]
[WhiteElo "1990"]
[BlackElo "2067"]
[Opening "Sicilian: Najdorf, Byrne (English) attack"]
[ECO "B90"]
[Time "13:01:22"]
[TimeControl "2700+45"]

1. e4 c5 2. Nf3 d6 3. d4 cxd4 4. Nxd4 Nf6 5. Nc3 a6 6. Be3 e5 7. Nf3 Be7 8. Bc4
O-O 9. O-O Qc7 10. Bb3 Be6 11. Bg5 Nbd7 12. Rc1 b5 13. Nd5 Bxd5 14. Bxf6 Nxf6
15. Bxd5 Rac8 16. Re1 Nxd5 17. Qxd5 Qc4 {Game drawn by mutual agreement} 1/2-1/2

[Event "Team 45 45 League T52"]
[Site "Internet Chess Club"]
[Date "2012.03.09"]
[Round "4"]
[White "zozobob"]
[Black "CS-Attila"]
[Result "0-1"]
[WhiteElo "2023"]
[BlackElo "1947"]
[Opening "Sicilian: Najdorf, 7...Qb6"]
[ECO "B97"]
[Time "21:30:12"]
[TimeControl "2700+45"]

1. e4 c5 2. Nf3 d6 3. d4 cxd4 4. Nxd4 Nf6 5. Nc3 a6 6. Bg5 e6 7. f4 Qb6 8. Nb3
Be7 9. Qf3 Nbd7 10. O-O-O Qc7 11. Bd3 b5 12. a3 Rb8 13. Rhe1 b4 14. axb4 Rxb4
15. Qg3 h6 16. Bh4 O-O 17. Na2 Rxb3 18. e5 Rxd3 19. Rxd3 dxe5 20. fxe5 Nd5 21.
Nc3 Bxh4 22. Qxh4 Nxe5 23. Rg3 Ng6 24. Nxd5 exd5 25. Qd4 Bf5 26. Rc3 Qa5 27. h4
h5 28. b4 Qa1+ 29. Kd2 Qb2 30. Rf1 Bxc2 31. Rxf7 Ba4+ 32. Ke3 Re8+ 33. Kf3 Ne5+
34. Kg3 Nxf7 35. Qd3 Qxb4 {White resigns} 0-1

[Event "Team 45 45 League T52"]
[Site "Internet Chess Club"]
[Date "2012.03.08"]
[Round "4"]
[White "chiiwen"]
[Black "Chatica"]
[Result "1/2-1/2"]
[WhiteElo "2226"]
[BlackElo "2219"]
[Opening "Sicilian: Labourdonnais-Löwenthal (Kalashnikov) variation"]
[ECO "B32"]
[Time "21:19:57"]
[TimeControl "2700+45"]

1. e4 c5 2. Nf3 Nc6 3. d4 cxd4 4. Nxd4 e5 5. Nb5 d6 6. N1c3 a6 7. Na3 Be6 8. Nd5
Nf6 9. Nxf6+ Qxf6 10. c4 Qg6 11. f3 f5 12. exf5 Bxf5 13. Be3 Be7 14. Qd5 Be6 15.
Qd3 Bf5 16. Qd5 {Game drawn by mutual agreement} 1/2-1/2

[Event "Team 45 45 League T52"]
[Site "Internet Chess Club"]
[Date "2012.03.10"]
[Round "4"]
[White "eurander"]
[Black "shyguy"]
[Result "0-1"]
[WhiteElo "2131"]
[BlackElo "2244"]
[Opening "Caro-Kann: classical, Spassky variation"]
[ECO "B19"]
[Time "15:00:59"]
[TimeControl "2700+45"]

1. e4 c6 2. d4 d5 3. Nc3 dxe4 4. Nxe4 Bf5 5. Ng3 Bg6 6. h4 h6 7. Nf3 Nd7 8. h5
Bh7 9. Bd3 Bxd3 10. Qxd3 Qc7 11. Bd2 e6 12. O-O-O Ngf6 13. Qe2 O-O-O 14. Rhe1 c5
15. Kb1 c4 16. Ne5 Nxe5 17. dxe5 Nd5 18. Ne4 Kb8 19. f4 Be7 20. g3 Rd7 21. Qg4
Rhd8 22. Qxg7 Qb6 23. Bc1 f5 24. Rxd5 exd5 25. Nf6 Bxf6 26. Qxf6 Qxf6 27. exf6
Rf7 28. Re6 Rg8 29. Be3 Rxg3 30. b4 Rf3 31. Bd4 Kc8 32. Be5 Rh3 33. Rd6 Rd7 34.
f7 Rxf7 35. Rxh6 b5 36. Rh8+ Kb7 37. h6 Rd7 38. c3 Rh2 39. Bg7 Re7 40. Be5 Ka6
41. Kc1 Re6 {White resigns} 0-1

[Event "Team 45 45 League T52"]
[Site "Internet Chess Club"]
[Date "2012.03.11"]
[Round "4"]
[White "Dreamshell"]
[Black "SlimeDog2"]
[Result "0-1"]
[WhiteElo "1993"]
[BlackElo "2105"]
[Opening "QGD Slav: Soultanbéieff variation"]
[ECO "D16"]
[Time "17:32:55"]
[TimeControl "2700+45"]

1. d4 d5 2. c4 c6 3. Nf3 Nf6 4. Nc3 dxc4 5. a4 e6 6. e3 Nbd7 7. Bxc4 Bd6 8. O-O
O-O 9. Qe2 e5 10. e4 exd4 11. Nxd4 Re8 12. Nf5 Be5 13. Bg5 Qc7 14. Ng3 Nc5 15.
Bxf6 Bxf6 16. f4 Bd4+ 17. Kh1 Be6 18. Bxe6 Rxe6 19. e5 Rd8 20. Qc4 b6 21. b4
Bxc3 22. Qxc3 Nd3 23. Ne4 c5 24. b5 Rd4 25. Ng5 Re8 26. g3 Qb7+ 27. Kg1 Red8 28.
Nf3 Nxf4 29. gxf4 Rd3 30. Qc4 Rxf3 31. Rfd1 Re8 32. Rd6 g5 33. Rf6 Qd7 34. fxg5
Rxf6 35. exf6 Qf5 36. Ra3 Re4 37. Qf1 Rg4+ 38. Rg3 Qxf1+ 39. Kxf1 Rxg3 40. hxg3
h6 41. gxh6 Kh7 {White resigns} 0-1

[Event "Team 45 45 League T52"]
[Site "Internet Chess Club"]
[Date "2012.03.14"]
[Round "4"]
[White "Greedy-Reedy"]
[Black "jefferyx"]
[Result "0-1"]
[WhiteElo "2014"]
[BlackElo "2121"]
[Opening "Sicilian: Alapin's variation (2.c3)"]
[ECO "B22"]
[Time "13:07:44"]
[TimeControl "2700+45"]

1. e4 c5 2. c3 Nf6 3. e5 Nd5 4. d4 cxd4 5. Nf3 Nc6 6. Bc4 Nb6 7. Bb3 d5 8. exd6
Qxd6 9. O-O Be6 10. Na3 Bxb3 11. Qxb3 e6 12. Nb5 Qd7 13. Nfxd4 Nxd4 14. Nxd4 Be7
15. Rd1 Qa4 16. Be3 Qxb3 17. axb3 Nd5 18. Nb5 a6 19. Rxd5 exd5 20. Nc7+ Kd7 21.
Nxa8 Rxa8 22. Rd1 Kc6 23. Bd4 f6 24. Re1 Bd6 25. g3 a5 26. f4 a4 27. Ra1 Kb5 28.
Kf2 Ra6 29. bxa4+ Rxa4 30. Rxa4 Kxa4 31. b4 Kb3 32. Ke3 Kc4 33. g4 Be7 34. h4 g6
35. g5 f5 36. Be5 Bd8 37. Bd4 Bc7 38. Kf3 b5 39. Be5 Bb6 40. Ke2 d4 41. cxd4
Bxd4 42. Kf3 Bxe5 43. fxe5 Kd5 44. Kf4 Ke6 45. h5 gxh5 46. Kg3 Kxe5 47. Kh4 f4
48. Kxh5 f3 49. Kh6 f2 50. Kxh7 f1=Q 51. g6 Kf6 52. g7 Qh3+ 53. Kg8 Qh6 54. Kf8
Qxg7+ {White resigns} 0-1

[Event "Team 45 45 League T52"]
[Site "Internet Chess Club"]
[Date "2012.03.10"]
[Round "4"]
[White "DaveTheRook"]
[Black "qs16"]
[Result "0-1"]
[WhiteElo "1691"]
[BlackElo "1778"]
[Opening "Queen's Indian: 4.Nc3"]
[ECO "E12"]
[Time "16:00:44"]
[TimeControl "2700+45"]

1. d4 Nf6 2. c4 e6 3. Nc3 b6 4. Nf3 Be7 5. e4 Bb7 6. Bd3 d5 7. cxd5 exd5 8. e5
Ne4 9. O-O O-O 10. Qc2 f5 11. a3 Nd7 12. Be3 Rc8 13. Rac1 c5 14. Qe2 c4 15. Bc2
a6 16. Nxe4 fxe4 17. Nd2 c3 18. bxc3 Rxc3 19. Nb1 Rc6 20. Bb3 Rxc1 21. Rxc1 b5
22. Qg4 Kh8 23. a4 Nb6 24. axb5 axb5 25. Nc3 Bc8 26. Qe2 Ba3 27. Rc2 b4 28. Nb5
Ba6 29. Rc5 Qd7 30. Ba4 Nc4 31. Rc7 Qe6 32. Qh5 Bxb5 33. Bxb5 Nxe3 34. fxe3 b3
35. Qg5 Qh6 36. Qg3 b2 37. h3 b1=Q+ {White resigns} 0-1

[Event "Team 45 45 League T52"]
[Site "Internet Chess Club"]
[Date "2012.03.09"]
[Round "4"]
[White "SugarIslander"]
[Black "RD1974"]
[Result "0-1"]
[WhiteElo "1653"]
[BlackElo "1674"]
[Opening "Dutch defense, Rubinstein variation"]
[ECO "A40"]
[Time "18:00:40"]
[TimeControl "2700+45"]

1. d4 e6 2. c4 f5 3. Nc3 Nf6 4. g3 c6 5. Bg2 d5 6. cxd5 cxd5 7. Nf3 Bd6 8. O-O
a6 9. b3 O-O 10. Bb2 Nc6 11. Rc1 Bd7 12. Na4 Nb4 13. Nc3 Rc8 14. a3 Nc6 15. Ne1
Qe7 16. b4 b5 17. f4 Be8 18. Nf3 Ne4 19. Ne5 Nxe5 20. dxe5 Qa7+ 21. Kh1 Bc7 22.
Nxe4 dxe4 23. Bd4 Qb7 24. Bc5 Rf7 25. Qb3 Bc6 26. Qxe6 Bd5 27. Bxe4 Bxe4+ 28.
Kg1 Bd5 29. Qxc8+ Qxc8 30. Bd6 Bb6+ 31. Bc5 Rc7 32. Rfd1 Bxc5+ 33. bxc5 Bc4 34.
Rd6 Rxc5 35. Rcd1 Qb7 36. Rd8+ Kf7 37. R8d7+ Qxd7 38. Rxd7+ Kg6 39. Rd6+ Kf7 40.
Rxa6 Bxe2 41. Ra7+ Ke6 42. Ra6+ Kd7 43. Ra7+ Rc7 44. Ra6 Bh5 45. Rb6 Rc1+ 46.
Kf2 Rc2+ 47. Kg1 Rb2 48. Rb7+ Kc6 49. Rxg7 Bg6 50. Rg8 Kd5 51. Rb8 Ke4 52. a4 b4
53. Rc8 Kf3 54. Rc1 Rg2+ 55. Kh1 Ra2 56. Rf1+ Ke2 57. Rb1 Rxa4 58. e6 Be8 59.
Rb2+ Kd3 60. e7 Kc3 61. Rb1 Kc2 62. Re1 b3 63. h4 Kd2 64. Re5 Bc6+ 65. Kh2 Re4
66. Rxe4 fxe4 67. f5 b2 68. f6 b1=Q 69. f7 e3 70. g4 Qh1+ 71. Kg3 Qg2+ 72. Kf4
Qf3+ 73. Kg5 Qxf7 74. Kh6 Qg6# {White checkmated} 0-1

[Event "Team 45 45 League T52"]
[Site "Internet Chess Club"]
[Date "2012.03.11"]
[Round "4"]
[White "chrisgianno"]
[Black "rom1"]
[Result "0-1"]
[WhiteElo "1535"]
[BlackElo "1633"]
[Opening "Grünfeld: Stockholm variation"]
[ECO "D80"]
[Time "08:24:57"]
[TimeControl "2700+45"]

1. d4 Nf6 2. c4 g6 3. Nc3 d5 4. Bg5 Ne4 5. Bh4 Nxc3 6. bxc3 Bg7 7. e3 c5 8. Qb3
cxd4 9. cxd4 Qa5+ 10. Ke2 dxc4 11. Qxc4 Be6 12. Qc2 O-O 13. Bxe7 Rc8 14. Qd2
Bc4+ 15. Ke1 Qd5 16. Nf3 Na6 17. Bd3 Bxd3 18. Qxd3 Qa5+ 19. Qd2 Qa4 20. a3 Rc2
21. Qd1 Rac8 22. Nd2 Qa5 23. Rb1 b6 24. Ke2 Bf8 25. Bxf8 Kxf8 26. Rb3 Qd5 27. f3
Qxb3 {White resigns} 0-1